 Dungeon Crawl Stone Soup version 0.18.1-5-g4a78601 (webtiles) character file.

192 PossumBlood the Slasher (level 5, -7/45 HPs)
             Began as a Minotaur Fighter on May 11, 2016.
             Was an Initiate of Okawaru.
             Killed by divine providence
             ... invoked by an orc priest
              (14 damage)
             ... on level 4 of the Dungeon.
             The game lasted 00:03:55 (2682 turns).

PossumBlood the Slasher (Minotaur Fighter)          Turns: 2682, Time: 00:03:56

Health: -7/45      AC:  6    Str: 21    XL:     5   Next: 42%
Magic:  4/4        EV:  7    Int:  5    God:    Okawaru [......]
Gold:   118        SH:  9    Dex: 10    Spells: 0 memorised, 4 levels left

rFire  . . .     SeeInvis .     a - +0 long sword
rCold  . . .     Gourm    .     b - +0 scale mail
rNeg   . . .     Faith    .     c - +0 shield
rPois  .         Spirit   .     (helmet restricted)
rElec  .         Dismiss  .     (no cloak)
rCorr  .         Reflect  .     (no gloves)
SustAt .         Harm     .     (no boots)
MR     +....                    (no amulet)
Stlth  ..........               (no ring)
                                i - ring of protection from magic

@: somewhat resistant to hostile enchantments, extremely unstealthy
A: retaliatory headbutt, horns 2
a: Renounce Religion


You were on level 4 of the Dungeon.
You worshipped Okawaru.
Okawaru was noncommittal.
You were not hungry.

You visited 1 branch of the dungeon, and saw 4 of its levels.

You collected 118 gold pieces.

Inventory:

Hand Weapons
 a - a +0 long sword (weapon)
Armour
 b - a +0 scale mail (worn)
 c - a +0 shield (worn)
Jewellery
 i - a ring of protection from magic (left hand)
Wands
 q - a wand of iceblast (8/15)
Scrolls
 e - 2 scrolls of identify {unknown}
 g - a scroll of random uselessness {unknown}
 h - a scroll of amnesia {unknown}
 l - a scroll of teleportation {unknown}
 p - a scroll of immolation {unknown}
Potions
 d - a potion of might
 j - a potion of degeneration {unknown}
 k - 3 potions of curing {unknown}
 m - a potion of invisibility {unknown}
 n - a potion of agility {unknown}
 o - 2 potions of heal wounds
Comestibles
 f - 3 bread rations


   Skills:
 - Level 3.6 Fighting
 * Level 6.9 Long Blades
 - Level 3.6 Armour
 - Level 3.6 Shields


You had 4 spell levels left.
You didn't know any spells.

Dungeon Overview and Level Annotations

Branches:
Dungeon (4/15)
 Temple: D:4-7

Altars:
Cheibriados
Okawaru
Qazlal
Sif Muna


Innate Abilities, Weirdness & Mutations

You reflexively headbutt those who attack you in melee.
You have a pair of horns on your head.


Message History

You headbutt the orc!
You kill the orc!
Okawaru accepts your kill. The iguana barely misses you.
The orc priest invokes the aid of Beogh against you.
Beogh smites you!
* * * LOW HITPOINT WARNING * * *
The orc wizard casts a spell.
The orc wizard flickers and vanishes!
Deactivating autopickup; reactivate with Ctrl-A.
You hit the iguana. Your headbutt misses the iguana.
The iguana is moderately wounded.
The iguana bites you.
* * * LOW HITPOINT WARNING * * *
Your shield and scale mail prevent you from hitting the iguana.
The iguana is moderately wounded.
You block the iguana's attack.
The orc priest invokes the aid of Beogh against you.
Beogh smites you!
You die...

#...##### #.^.....#
#...###.#############
##.## #..............
#..######......###..
##..# #...........
##.# #......##... #.#
.##.........<. #@#
.>....###.....
#l###.###.........
#{h##......##<....
#....o†..###..........
#...%....##...........
#...$.......#.........
#.....[..######.......
#......... ##......
#.........# .......


You could see an iguana, an orc priest and a jackal.

Vanquished Creatures
  An orc wizard (D:3)
  A centaur skeleton (D:4)
  Ijyb (D:3)
  2 adders (D:2)
  An ooze (D:2)
  3 worms (D:2)
  A giant gecko (D:2)
  8 orcs
  3 giant cockroaches
  13 goblins
  5 hobgoblins
  3 jackals (D:3)
  7 kobolds
  A quokka (D:3)
  2 ball pythons
  5 bats
  6 giant newts
  2 rats
65 creatures vanquished.

Notes
Turn   | Place    | Note
--------------------------------------------------------------
     0 | D:1      | PossumBlood the Minotaur Fighter began the quest for the Orb.
     0 | D:1      | Reached XP level 1. HP: 19/19 MP: 0/0
   195 | D:1      | Reached skill level 3 in Long Blades
   309 | D:1      | Reached XP level 2. HP: 26/26 MP: 1/1
   712 | D:2      | Reached skill level 4 in Long Blades
   851 | D:2      | Reached XP level 3. HP: 31/31 MP: 2/2
  1170 | D:2      | Reached skill level 5 in Long Blades
  1200 | D:2      | Found a snail-covered altar of Cheibriados.
  1766 | D:3      | Reached XP level 4. HP: 39/39 MP: 3/3
  2084 | D:3      | Found a deep blue altar of Sif Muna.
  2127 | D:3      | Noticed Ijyb
  2133 | D:3      | Killed Ijyb
  2133 | D:3      | Reached skill level 6 in Long Blades
  2133 | D:3      | Reached XP level 5. HP: 38/45 MP: 4/4
  2152 | D:3      | Found a stormy altar of Qazlal.
  2152 | D:3      | Found an iron altar of Okawaru.
  2159 | D:3      | Became a worshipper of Warmaster Okawaru
  2682 | D:4      | Killed from afar by an orc priest

Skill      XL: |  1  2  3  4 |
---------------+-------------+-----
Long Blades    | 3 4 5 6 |  6.9
Fighting       | |  3.6
Armour         | |  3.6
Shields        | |  3.6

Action                   |  1- 3 |  4- 6 || total
-------------------------+-------+-------++-------
Melee: Long sword        |    95 |    96 ||   191
       Headbutt          |    17 |     8 ||    25
  Use: Potion            |     1 |       ||     1
  Eat: Bread ration      |     1 |     1 ||     2
Armor: Scale mail        |    49 |    54 ||   103
Dodge: Dodged            |    28 |    44 ||    72
Block: Shield            |    46 |    71 ||   117
